 Dungeon Crawl Stone Soup version 0.14-a0-3424-g5348755 (webtiles) character file.

332 MirrMurr the Covert (level 5, -6/24 HPs)
             Began as a Spriggan Enchanter on Mar 22, 2014.
             Killed from afar by runewalsh's ghost (15 damage)
             ... with a puff of frost
             ... on Level 4 of the Dungeon.
             The game lasted 00:09:11 (3694 turns).

MirrMurr the Covert (Spriggan Enchanter)            Turns: 3694, Time: 00:09:11

HP  -6/24        AC  3     Str  5      XL: 5   Next: 36%
MP   7/14        EV 18     Int 17      God:
Gold 148         SH  0     Dex 16      Spells:  3 memorised,  3 levels left

rFire  . . .     SeeInvis +     a - +1 dagger
rCold  . . .     Clarity  .     b - +1 robe
rNeg   . . .     Conserve .     (shield restricted)
rPois  .         rCorr    .     (helmet restricted)
rElec  .         rRot     .     (no cloak)
SustAb + .       Spirit   .     (gloves unavailable)
rMut   .         Warding  .     (boots unavailable)
Saprov . . .     Stasis   .     (no amulet)
MR     .....                    (no ring)
                                l - ring of sustain abilities

@: very quick, not resistant to hostile enchantments, very stealthy
A: unfitting armour, see invisible, herbivore 3, speed 3, slow metabolism 2
a: no special abilities


You were on level 4 of the Dungeon.
You were full.

You visited 1 branch of the dungeon, and saw 4 of its levels.

You collected 148 gold pieces.

Inventory:

Hand weapons
 a - a +1,+1 dagger (weapon)
Missiles
 d - 12 darts (quivered)
Armour
 b - a +1 robe (worn)
Magical devices
 s - a wand of frost (9)
 x - a wand of digging (10)
Comestibles
 p - a choko
Scrolls
 f - a scroll of enchant weapon II {unknown}
 h - a scroll of immolation {unknown}
 i - a scroll of identify
 j - 3 scrolls of remove curse
 m - a scroll of fear {unknown}
 q - a scroll of teleportation {unknown}
 r - 2 scrolls of fog {unknown}
 v - a scroll of amnesia {unknown}
 w - a scroll of enchant armour {unknown}
Jewellery
 l - a ring of sustain abilities (left hand)
Potions
 e - a potion of porridge
 g - 2 potions of agility
 k - a potion of invisibility {unknown}
 n - a potion of confusion {unknown}
 o - 2 potions of magic
 t - a potion of might {unknown}
 u - a potion of brilliance {unknown}
 z - a potion of heal wounds {unknown}
 A - a potion of restore abilities {unknown}
Books
 c - a book of Maledictions

   Spells                             Type                      Level
   *Corona                            Hexes                        1
   Sure Blade                         Hexes/Charms                 2
   *Ensorcelled Hibernation           Hexes/Ice                    2
   *Confuse                           Hexes                        3
   Enslavement                        Hexes                        4
   Invisibility                       Hexes                        6


   Skills:
 * Level 2.8 Short Blades
 - Level 1.1 Throwing
 - Level 3.0 Dodging
 + Level 8.0 Stealth
 - Level 2.6 Spellcasting
 - Level 3.6 Hexes


You had 3 spell levels left.
You knew the following spells:

 Your Spells              Type           Power        Failure   Level  Hunger
a - Ensorcelled Hibernat  Hex/Ice        #.....       17%         2    ##.....
b - Confuse               Hex            ##......     14%         3    ###....
Z - Corona                Hex            ##.....      4%          1    #......


Dungeon Overview and Level Annotations

Branches:
Dungeon (4/15)
 Temple: D:4-7

Altars:
Vehumet

Annotations:
D:4 runewalsh's ghost, average OpIE


Innate Abilities, Weirdness & Mutations

You are tiny and cannot use many weapons and most armour.
You have supernaturally acute eyesight.
You are a herbivore.
You cover ground extremely quickly.
You need consume almost no food.


Message History

Runewalsh's ghost is severely damaged.
You hit runewalsh's ghost.
Runewalsh's ghost is almost destroyed.
Runewalsh's ghost barely misses you.
You hit runewalsh's ghost.
Runewalsh's ghost is almost destroyed.
You hit runewalsh's ghost.
Runewalsh's ghost is almost destroyed.
You hit runewalsh's ghost but do no damage.
Runewalsh's ghost is almost destroyed.
Runewalsh's ghost seems less confused.
Runewalsh's ghost gestures at you while chanting.
The puff of frost hits you!
Ouch! That really hurt!
You hit runewalsh's ghost but do no damage.
Runewalsh's ghost is almost destroyed.
Runewalsh's ghost casts a spell at you. The puff of frost hits you!
Ouch! That really hurt!
You die...

### #.. ##'######
#..!....# #####.......#
#...'.......########..#
#.......p@......#
#.......#######.....<
######'## ##. ###..#
#...## #.###
########+#### ###'####
#....(....##.
#......###
#..........#.
#......'.###
#............


You could see runewalsh's ghost.

Vanquished Creatures
  A worker ant (D:3)
  Ijyb (D:4)
  6 gnolls (D:2)
  2 adders
  A worm (D:2)
  A giant gecko (D:4)
  6 orcs
  8 bats
  5 giant cockroaches
  8 hobgoblins
  2 quokkas
  3 ball pythons
  4 giant newts
  4 goblins
  7 kobolds
  3 rats
62 creatures vanquished.

Notes
Turn   | Place    | Note
--------------------------------------------------------------
     0 | D:1      | MirrMurr, the Spriggan Enchanter, began the quest for the Orb.
     0 | D:1      | Reached XP level 1. HP: 9/9 MP: 4/4
   116 | D:1      | Reached skill level 4 in Stealth
   139 | D:1      | Reached XP level 2. HP: 13/13 MP: 7/7
   143 | D:1      | Learned a level 2 spell: Ensorcelled Hibernation
   925 | D:2      | Reached skill level 5 in Stealth
   989 | D:2      | Reached XP level 3. HP: 16/16 MP: 3/9
  1130 | D:2      | Reached skill level 6 in Stealth
  1675 | D:2      | Reached XP level 4. HP: 14/21 MP: 2/12
  1736 | D:2      | Learned a level 3 spell: Confuse
  1914 | D:2      | Reached skill level 7 in Stealth
  1951 | D:2      | Found a radiant altar of Vehumet.
  3017 | D:3      | Reached XP level 5. HP: 12/24 MP: 2/14
  3503 | D:4      | Noticed Ijyb
  3521 | D:4      | Killed Ijyb
  3665 | D:4      | Noticed runewalsh's ghost (average OpIE)
  3681 | D:4      | Reached skill level 8 in Stealth
  3694 | D:4      | Killed from afar by runewalsh's ghost

Action                   |  1- 3 |  4- 6 || total
-------------------------+-------+-------++-------
Melee: Dagger            |    90 |   137 ||   227
Throw: Dart              |     2 |       ||     2
 Cast: Corona            |     2 |       ||     2
       Ensorcelled Hiber |    13 |    25 ||    38
       Confuse           |       |     2 ||     2
Evoke: Wand              |       |     2 ||     2
  Use: Scroll            |     2 |     3 ||     5
 Stab: Sleeping          |    10 |    19 ||    29
       Confused          |       |     1 ||     1
